AoeStats
← MLGGandalf

Nomad

508488694Analyzed
3v3 RM · 8d ago on Sep 22, 2026· 77m 44s· 6 players
Game mode
Random Map
Map size
210×210
Population
200
Speed
Normal
Resources
Standard
Victory
Conquest
Starting age
Dark Age
Ending age
Imperial Age
RankedLock teamsTeams togetherTeam positionsShared explorationLock speedFull tech treeHidden civsTurbo modeCheats
Victory
Defeat
🇹🇷 Lithuanians · Türkiye
1111
+15
🇹🇷 Huns · Türkiye
1028
+18
🇹🇷 Malay · Türkiye
1027
+18
🇳🇱 Danes · Netherlands
1129
-19
🇳🇱 Hindustanis · Netherlands
1099
-18
🇳🇱 Portuguese · Netherlands
1003
-27
REPLICANT
15:42 Feudal Age
17:11 Double-Bit Axe
18:47 Bloodlines
18:54 Fishing Lines
20:12 Wheelbarrow
20:04 Town Watch
20:57 Scale Barding Armor
21:03 Forging
20:57 Stone Mining
28:12 Horse Collar
34:55 Castle Age
41:17 Squires
40:37 Pikeman
42:14 Elite Skirmisher
46:40 Scale Mail Armor
47:27 Masonry
51:24 Chain Mail Armor
58:15 Imperial Age
56:21 Husbandry
56:33 Thumb Ring
57:19 Chain Barding Armor
57:35 Iron Casting
57:49 Bow Saw
57:43 Heavy Plow
57:54 Murder Holes
58:21 Ballistics
58:04 Fletching
60:14 Two-Man Saw
59:04 Halberdier
61:11 Blast Furnace
64:29 Hand Cart
68:44 Chemistry
68:27 Cavalier
70:25 Conscription
71:18 Plate Barding Armor
70:40 Bodkin Arrow
70:45 Padded Archer Armor
71:27 Coinage
71:16 Guilds
73:55 Man-at-Arms
74:47 Bracer
75:03 Leather Archer Armor
74:13 Paladin
75:23 Parthian Tactics
75:02 Long Swordsman
76:06 Gold Mining
76:24 Marauders
76:14 Two-Handed Swordsman
77:43 Elite Tarkan
Babuali
5:40 Loom
13:45 Feudal Age
14:14 Town Watch
15:05 Wheelbarrow
18:10 Castle Age
15:58 Double-Bit Axe
17:21 Stone Mining
20:07 Bow Saw
19:40 Horse Collar
24:44 Gold Mining
25:29 Stone Shaft Mining
29:15 Pikeman
29:56 Squires
29:41 Arson
32:31 Imperial Age
31:03 Forging
30:53 Scale Mail Armor
31:27 Heavy Plow
32:11 Town Patrol
32:26 Hand Cart
33:21 Scale Barding Armor
33:31 Chain Mail Armor
33:52 Iron Casting
34:28 Conscription
34:58 Chain Barding Armor
34:45 Husbandry
34:55 Bloodlines
34:06 Cavalier
36:43 Ballistics
37:23 Chemistry
36:56 Paladin
39:28 Plate Barding Armor
41:25 Fletching
41:35 Padded Archer Armor
45:57 Bodkin Arrow
46:18 Leather Archer Armor
51:19 Bracer
51:49 Ring Archer Armor
50:44 Man-at-Arms
53:01 Two-Man Saw
52:34 Crop Rotation
51:45 Long Swordsman
52:35 Two-Handed Swordsman
54:03 Bombard Tower
53:34 Halberdier
69:09 Crossbowman
69:54 Thumb Ring
BurakHAN
3:52 Loom
5:32 Loom
18:02 Feudal Age
18:23 Double-Bit Axe
22:09 Castle Age
20:43 Stone Mining
20:52 Fishing Lines
22:09 Fletching
22:22 Padded Archer Armor
23:08 Bow Saw
25:28 Wheelbarrow
24:52 Gillnets
25:00 Bodkin Arrow
25:12 Murder Holes
26:13 Medium Warships
26:20 Clinker Construction
28:39 Hand Cart
32:17 Forging
32:24 Leather Archer Armor
31:53 Treadmill Crane
32:24 Masonry
34:46 Thalassocracy
36:24 Gold Mining
37:09 Stone Shaft Mining
36:17 Horse Collar
40:54 Imperial Age
39:21 Thumb Ring
38:38 Crossbowman
39:23 Town Watch
40:31 Town Patrol
40:33 Bracer
41:08 Iron Casting
41:15 Arbalester
44:14 Ring Archer Armor
44:38 Squires
45:29 Conscription
45:49 Ballistics
46:52 Siege Engineers
48:46 Iron Casting
48:18 Scale Barding Armor
47:48 Light Cavalry
48:28 Husbandry
50:43 Chemistry
52:27 Pikeman
54:48 Elite Battle Elephant
55:40 Halberdier
60:25 Elite Karambit Warrior
61:17 Heavy Plow
64:14 Blast Furnace
69:57 Gold Shaft Mining
70:48 Man-at-Arms
70:57 Onager
72:44 Heavy Scorpion
72:55 Long Swordsman
73:45 Two-Handed Swordsman
Tapi
12:02 Loom
16:24 Feudal Age
20:02 Castle Age
17:53 Double-Bit Axe
18:00 Gold Mining
18:08 Fishing Lines
19:45 Fletching
19:52 Stone Mining
21:02 Wheelbarrow
21:35 Bow Saw
23:30 Hand Cart
23:10 Gillnets
26:25 Scale Mail Armor
26:42 Horse Collar
29:19 Bodkin Arrow
31:10 Chain Mail Armor
31:05 Forging
34:26 Gold Shaft Mining
35:40 Iron Casting
38:04 Imperial Age
37:22 Hamask
39:20 Plate Mail Armor
39:50 Blast Furnace
39:14 Conscription
40:19 Elite Jomsviking
41:00 Gambesons
41:16 Squires
41:01 Arson
42:51 Bracer
45:51 Coinage
47:15 Ballistics
47:56 Chemistry
49:37 Elite Varangian Guard
52:45 Siege Engineers
52:04 Northmen's Fury
58:23 Pikeman
60:11 Halberdier
68:28 Hoardings
68:19 Masonry
MLGGandalf
4:17 Loom
15:00 Feudal Age
18:41 Castle Age
16:56 Scale Barding Armor
18:58 Forging
19:42 Husbandry
23:50 Double-Bit Axe
26:34 Wheelbarrow
26:24 Bow Saw
27:14 Town Watch
27:45 Hand Cart
27:51 Chain Barding Armor
27:16 Horse Collar
30:47 Iron Casting
31:41 Heavy Plow
32:05 Bloodlines
34:31 Imperial Age
37:26 Plate Barding Armor
40:28 Conscription
41:14 Blast Furnace
40:01 Heavy Camel Rider
42:17 Imperial Camel Rider
46:19 Two-Man Saw
45:24 Gold Mining
51:34 Conscription
51:26 Fletching
52:14 Gold Shaft Mining
55:52 Caravan
57:04 Elite Skirmisher
57:50 Thumb Ring
57:44 Bodkin Arrow
57:49 Padded Archer Armor
59:03 Coinage
59:12 Leather Archer Armor
61:02 Banking
71:06 Light Cavalry
76:44 Scale Mail Armor
Dorlov
10:40 Loom
14:31 Feudal Age
16:00 Wheelbarrow
17:40 Fishing Lines
18:02 Double-Bit Axe
24:59 Castle Age
23:28 Man-at-Arms
24:46 Scale Mail Armor
25:12 Pikeman
26:36 Medium Warships
48:58 Gillnets
49:37 Hand Cart
52:58 Bow Saw
56:01 Horse Collar
60:24 Imperial Age
57:42 Town Watch
59:15 Chain Mail Armor
61:17 Long Swordsman
63:35 Guilds
63:57 Murder Holes
68:38 Plate Mail Armor
68:09 Padded Archer Armor
69:46 Halberdier
72:01 Heavy Plow
Connection lost

Rejoining the realm…

Still unreachable

The connection could not be restored.

Session expired

The server has moved on; the page needs a fresh start.